Map: Thunderbird LE

Players

Probe - Winner!

  • Race: Protoss Protoss
  • Spawn Location: 5:00

Blask

  • Race: Protoss Protoss
  • Spawn Location: 11:00

Event: NationWars 2019

VOD

Have the link to the VOD?

Description

Time

  • Played on: Oct. 4, 2019, 2:53 p.m.
  • Length: 7:49
Show
View Real Time Build Order
Export as new Build Order

Probe Protoss - Winner!

Build Orders: Phoenix Opening 

Get SALT Encoding   

  12  0:00  Probe  
  13  0:13  Probe  
  14  0:18  Pylon  
  14  0:25  Probe (Chrono Boost)  
  15  0:37  Probe (Chrono Boost)  
  15  0:38  Gateway  
  16  0:45  Probe (Chrono Boost)  
  16  0:47  Assimilator  
  17  0:51  Probe  
  17  0:54  Assimilator  
  18  1:03  Probe (Chrono Boost)  
  19  1:11  Gateway  
  19  1:13  Probe (Chrono Boost)  
  19  1:18  Probe (Chrono Boost)  
  21  1:26  Cybernetics Core  
  21  1:29  Probe  
  22  1:34  Pylon  
  22  1:41  Probe  
  23  1:54  Probe  
  24  2:06  Probe  
  25  2:09  Stalker, Warp Gate (Chrono Boost)  
  25  2:10  Sentry  
  25  2:11  Pylon  
  29  2:18  Probe  
  29  2:21  Pylon  
  30  2:36  Stalker  
  32  2:39  Stalker  
  32  2:43  Probe  
  35  2:56  Robotics Facility  
  35  3:04  Probe  
  36  3:05  Shield Battery  
  36  3:09  Stalker  
  38  3:26  Phoenix  
  38  3:28  Probe  
  38  3:29  Gateway  
  39  3:44  Pylon  
  39  3:50  Pylon  
  39  4:02  Warp Prism  
  41  4:04  Stalker x2  
  45  4:28  Stalker  
  45  4:29  Stalker x2  
  49  4:35  Immortal (Chrono Boost)  
  49  4:37  Pylon  
  53  4:55  Stalker  
  53  4:56  Stalker x2  
  58  5:07  Observer  
  58  5:09  Pylon  
  59  5:25  Stalker x2  
  63  5:44  Sentry  
  63  5:48  Pylon, Stalker x2  
  61  6:11  Stalker  
  61  6:12  Stalker x2  
  55  6:35  Stalker x3  
Show
View Real Time Build Order
Export as new Build Order

Blask Protoss 

Build Orders: Blink Stalkers 

Get SALT Encoding   

  12  0:00  Probe  
  13  0:12  Probe  
  14  0:17  Pylon  
  14  0:24  Probe (Chrono Boost)  
  15  0:37  Probe (Chrono Boost), Gateway  
  16  0:44  Probe (Chrono Boost)  
  16  0:45  Assimilator  
  17  0:51  Probe  
  17  0:54  Assimilator  
  18  1:03  Probe (Chrono Boost)  
  19  1:10  Gateway  
  19  1:15  Probe (Chrono Boost)  
  20  1:20  Probe (Chrono Boost)  
  20  1:24  Cybernetics Core  
  21  1:29  Probe  
  22  1:33  Pylon  
  22  1:41  Probe  
  23  1:53  Pylon, Probe  
  24  2:02  Adept x2  
  24  2:07  Warp Gate  
  28  2:17  Twilight Council  
  28  2:32  Stalker  
  30  2:42  Gateway  
  30  3:01  Pylon  
  30  3:17  Pylon  
  30  3:21  Stalker x2  
  31  3:37  Blink (Chrono Boost)  
  31  3:43  Pylon  
  31  3:45  Robotics Facility  
  31  4:01  Stalker x3  
  37  4:15  Probe  
  38  4:31  Immortal (Chrono Boost)  
  38  4:33  Pylon  
  38  4:34  Pylon  
  42  4:47  Stalker x2  
  46  5:00  Immortal (Chrono Boost)  
  50  5:31  Charge, Immortal (Chrono Boost)  
  54  5:46  Stalker x2  
  54  5:48  Stalker  
  60  5:56  Pylon  
  54  6:16  Stalker  
  54  6:17  Stalker  
  56  6:19  Adept  
  38  6:38  Sentry  
Tags
 
Add a new tag
Caveats
  • Supply blocks, unpowered buildings, or Contaminate may cause inaccurate times.
  • Supply counts are checked every 10 seconds.